Map: Dusk Towers

Players

Scrawny - Winner!

  • Race: Zerg Zerg
  • League: Platinum

Frogen

  • Race: Protoss Protoss
  • League: Platinum

VOD

Have the link to the VOD?

Description

Time

  • Played on: Dec. 13, 2015, 8:12 a.m.
  • Length: 9:24
Show
View Real Time Build Order
Export as new Build Order

Scrawny Zerg - Winner!

Build Orders: 3 Hatch before Pool 

Get SALT Encoding   

  12  0:01  Drone  
  13  0:15  Overlord  
  13  0:17  Drone  
  14  0:34  Drone x2  
  16  0:37  Drone  
  17  0:55  Hatchery  
  16  0:59  Drone  
  17  1:22  Hatchery  
  17  1:23  Drone  
  17  1:27  Extractor  
  17  1:28  Drone  
  17  1:30  Drone  
  18  1:37  Drone  
  19  1:51  Spawning Pool  
  19  1:54  Drone  
  19  2:06  Overlord  
  19  2:23  Drone x3  
  22  2:37  Queen x2  
  22  2:40  Queen  
  28  2:46  Metabolic Boost  
  28  2:51  Drone  
  28  2:52  Drone  
  28  2:55  Zergling x2  
  31  2:58  Drone  
  31  3:01  Drone  
  33  3:08  Drone x2  
  33  3:12  Overlord  
  35  3:18  Drone x2  
  37  3:31  Drone x3  
  37  3:33  Roach Warren  
  39  3:34  Extractor, Drone  
  39  3:36  Drone  
  39  3:41  Overlord  
  40  3:43  Drone  
  40  3:58  Drone x5  
  40  3:59  Drone x2  
  40  4:00  Drone  
  48  4:05  Spine Crawler  
  47  4:13  Roach x2  
  47  4:14  Roach x2  
  55  4:17  Overlord  
  55  4:20  Drone  
  55  4:21  Drone  
  57  4:25  Drone  
  57  4:26  Extractor  
  57  4:29  Overlord x2  
  57  4:35  Roach x2  
  57  4:37  Overlord  
  61  4:43  Drone x2  
  61  4:45  Drone x3  
  66  4:50  Lair  
  66  4:56  Drone  
  66  4:58  Drone x4  
  71  5:03  Evolution Chamber  
  70  5:07  Roach x2, Evolution Chamber  
  70  5:09  Roach  
  75  5:18  Roach x4  
  75  5:19  Roach  
  85  5:22  Drone x2  
  85  5:23  Drone  
  85  5:25  Overlord  
  85  5:27  Overlord  
  88  5:31  Extractor, Drone  
  88  5:32  Drone  
  88  5:34  Extractor, Drone  
  89  5:38  Zerg Missile Weapons Level 1  
  89  5:40  Zerg Ground Armor Level 1  
  89  5:44  Queen  
  89  5:46  Roach  
  89  5:48  Overlord  
  93  5:51  Drone x2  
  93  5:52  Drone  
  93  5:53  Drone  
  93  5:54  Drone  
  98  5:58  Spore Crawler  
  98  6:01  Spore Crawler  
  96  6:06  Hydralisk Den  
  96  6:09  Drone  
  96  6:10  Drone x3  
  99  6:17  Overlord  
  99  6:18  Overlord  
  99  6:29  Spore Crawler  
  98  6:33  Overlord x2  
  98  6:34  Hydralisk x6  
  98  6:38  Muscular Augments  
  110  6:40  Hydralisk  
  110  6:46  Roach x3  
  110  6:47  Extractor  
  117  6:48  Hydralisk  
  117  6:52  Overlord  
  119  6:57  Overseer  
  119  6:58  Overseer  
  119  6:59  Hydralisk x2  
  123  7:05  Drone  
  123  7:08  Drone, Hydralisk x3  
  125  7:14  Hydralisk x2  
  135  7:22  Hydralisk x3  
  141  7:38  Glial Reconstitution  
  141  7:43  Hydralisk x2  
  141  7:47  Roach x2  
  149  7:57  Hydralisk x3  
  141  8:01  Roach x3  
  133  8:13  Hydralisk x4  
  133  8:15  Zergling x2  
  133  8:16  Zergling x22  
  141  8:25  Hydralisk  
  135  8:32  Hydralisk x2  
  138  8:41  Zergling x6  
  140  8:53  Hydralisk x3  
Show
View Real Time Build Order
Export as new Build Order

Frogen Protoss 

Build Orders: 1 Gate Expand 

Get SALT Encoding   

  12  0:02  Probe (Chrono Boost)  
  13  0:13  Probe (Chrono Boost)  
  14  0:23  Pylon  
  14  0:25  Probe (Chrono Boost)  
  15  0:41  Probe (Chrono Boost)  
  16  0:47  Gateway  
  16  0:51  Probe (Chrono Boost)  
  17  1:02  Probe (Chrono Boost)  
  18  1:13  Probe (Chrono Boost)  
  19  1:22  Nexus  
  19  1:29  Probe (Chrono Boost)  
  20  1:39  Probe (Chrono Boost)  
  21  1:40  Cybernetics Core  
  21  1:48  Assimilator  
  21  1:50  Probe (Chrono Boost)  
  22  1:54  Assimilator  
  22  2:00  Probe (Chrono Boost)  
  23  2:20  Pylon  
  23  2:29  Warp Gate (Chrono Boost)  
  23  2:34  Probe (Chrono Boost), Adept  
  23  2:36  Gateway  
  26  2:37  Probe  
  27  2:45  Probe  
  27  2:47  Probe  
  27  2:50  Pylon  
  29  2:58  Probe  
  30  2:59  Mothership Core  
  30  3:03  Adept  
  34  3:08  Probe  
  35  3:19  Probe  
  35  3:20  Probe  
  35  3:23  Stalker  
  39  3:29  Probe  
  39  3:32  Probe  
  41  3:45  Probe  
  42  3:48  Nexus  
  42  3:51  Pylon  
  42  4:01  Robotics Facility  
  42  4:03  Forge  
  42  4:16  Probe  
  42  4:17  Probe  
  42  4:19  Assimilator  
  42  4:20  Assimilator, Pylon  
  44  4:26  Probe  
  44  4:29  Probe, Gateway x2  
  46  4:37  Probe  
  46  4:39  Protoss Ground Weapons Level 1  
  46  4:41  Probe  
  48  4:50  Photon Cannon, Immortal (Chrono Boost)  
  48  4:51  Probe  
  53  4:53  Probe  
  53  4:59  Probe  
  55  5:07  Twilight Council  
  55  5:08  Probe  
  55  5:12  Adept  
  58  5:18  Probe x2  
  60  5:24  Probe, Observer (Chrono Boost)  
  62  5:28  Probe  
  62  5:32  Probe, Adept  
  62  5:33  Stalker  
  68  5:36  Probe  
  68  5:39  Probe  
  74  5:43  Forge, Immortal (Chrono Boost)  
  74  5:44  Resonating Glaives (Chrono Boost)  
  74  5:46  Probe  
  74  5:48  Probe  
  74  5:49  Probe  
  76  5:57  Probe  
  77  6:00  Probe  
  77  6:01  Probe  
  77  6:03  Assimilator  
  80  6:07  Probe  
  80  6:09  Protoss Ground Armor Level 1 (Chrono Boost)  
  80  6:10  Probe  
  80  6:11  Pylon  
  81  6:13  Pylon  
  82  6:21  Probe, Gateway  
  82  6:22  Gateway  
  82  6:24  Assimilator, Probe  
  84  6:37  Robotics Facility  
  84  6:40  Templar Archives  
  84  6:41  Probe  
  84  6:45  Pylon  
  85  6:47  Protoss Ground Weapons Level 2 (Chrono Boost)  
  85  7:05  Immortal (Chrono Boost)  
  85  7:07  Probe x2  
  91  7:09  Probe  
  91  7:18  Stalker  
  91  7:20  Nexus, Adept x2  
  91  7:22  Pylon  
  97  7:23  Probe, Psionic Storm  
  97  7:24  Pylon  
  97  7:27  Pylon  
  98  7:31  Gateway x2  
  98  7:35  Gateway  
  98  7:36  Gateway  
  98  7:39  Observer (Chrono Boost)  
  98  7:41  High Templar x2  
  103  7:47  Immortal (Chrono Boost)  
  107  7:58  Stalker x2  
  104  7:59  Observer, High Templar  
  101  8:16  Stalker  
  101  8:17  Stalker  
  90  8:24  Immortal (Chrono Boost)  
  90  8:26  Zealot x2  
  88  8:30  Immortal (Chrono Boost)  
  88  8:32  Zealot  
  90  8:41  Stalker  
  90  8:42  Stalker x3  
  90  8:45  Stalker x2  
  102  8:51  High Templar x2  
  106  9:01  Archon  
  106  9:08  Zealot  
  106  9:09  Stalker  
  100  9:12  Stalker  
  100  9:13  Stalker  
  100  9:15  Stalker x3  
Tags
 
Add a new tag
Caveats
  • Supply blocks, unpowered buildings, or Contaminate may cause inaccurate times.
  • Supply counts are checked every 10 seconds.